Map: Torri del crepuscolo

Players

Jhyrachy - Winner!

  • Race: Zerg Zerg
  • League: Gold

Ugie

  • Race: Terran Terran
  • League: Silver

VOD

Have the link to the VOD?

Description

Time

  • Played on: April 10, 2016, 7:52 a.m.
  • Length: 39:04
Show
View Real Time Build Order
Export as new Build Order

Jhyrachy Zerg - Winner!

Build Orders: Hatch First 

Get SALT Encoding   

  12  0:01  Drone  
  13  0:09  Drone  
  14  0:17  Overlord  
  14  0:37  Drone x3  
  17  0:55  Drone  
  18  0:59  Hatchery  
  18  1:01  Extractor, Drone  
  17  1:20  Spawning Pool  
  17  1:21  Drone  
  17  1:27  Drone  
  18  1:33  Drone  
  19  1:43  Overlord  
  19  2:03  Drone  
  19  2:07  Queen  
  22  2:11  Queen  
  22  2:13  Drone x2  
  26  2:37  Drone x5  
  31  2:45  Overlord  
  31  2:52  Lair  
  31  3:03  Drone x3, Extractor  
  33  3:06  Extractor  
  33  3:12  Extractor, Drone x2  
  33  3:18  Zergling x2  
  34  3:43  Drone x3  
  34  3:44  Drone x4  
  41  3:48  Queen  
  43  3:57  Spire  
  43  4:01  Drone x2  
  44  4:03  Overlord  
  44  4:11  Overlord  
  44  4:24  Drone x2  
  46  4:38  Overlord  
  46  5:08  Mutalisk  
  46  5:09  Mutalisk x9  
  66  5:34  Hatchery  
  66  5:35  Drone x3  
  67  5:40  Overlord x2  
  68  5:53  Roach Warren  
  67  5:57  Queen  
  69  6:36  Overlord x3  
  69  6:48  Infestation Pit  
  69  6:52  Drone  
  69  6:53  Drone x11  
  80  7:07  Queen  
  82  7:12  Overlord x3  
  82  7:33  Extractor  
  82  7:35  Extractor  
  80  7:40  Glial Reconstitution  
  80  7:43  Roach  
  88  7:44  Roach x11  
  88  7:45  Roach x3  
  107  8:25  Drone x3  
  107  8:26  Drone x5  
  115  8:49  Pathogen Glands  
  115  8:51  Infestor  
  115  8:52  Infestor x2  
  115  8:55  Hatchery  
  120  8:59  Overlord x3  
  120  9:00  Overlord x2  
  120  9:29  Evolution Chamber  
  120  9:31  Pneumatized Carapace, Evolution Chamber  
  118  9:43  Roach x3  
  118  9:44  Roach x13  
  95  10:10  Roach x11  
  98  10:28  Queen  
  94  10:49  Zerg Ground Armor Level 1, Zerg Missile Weapons Level 1  
  94  11:01  Hatchery  
  94  11:02  Roach  
  94  11:03  Roach x14  
  123  11:17  Queen  
  123  11:18  Queen x2  
  127  11:25  Drone  
  130  11:26  Drone x8  
  138  12:01  Extractor  
  137  12:26  Roach x11  
  137  12:27  Overlord  
  137  12:28  Overlord x3  
  159  12:53  Burrow  
  159  12:55  Tunneling Claws  
  159  12:56  Zerg Missile Weapons Level 2, Zerg Ground Armor Level 2  
  159  13:01  Infestor  
  159  13:02  Infestor x2  
  165  13:06  Overlord x2  
  165  13:07  Overlord x2  
  165  13:15  Roach x3  
  165  13:16  Roach x2  
  175  13:44  Roach  
  175  13:45  Roach x11  
  199  13:59  Extractor  
  180  14:18  Roach x56  
  180  14:23  Roach x33  
  180  14:24  Roach x23  
  180  14:33  Infestor, Roach x50  
  156  15:43  Roach  
  156  15:44  Roach x21  
  156  15:48  Overseer x3  
  200  15:57  Extractor  
  199  16:06  Roach x46  
  199  16:12  Infestor  
  199  16:16  Hatchery  
  198  16:18  Extractor  
  198  16:21  Extractor  
  196  16:35  Roach x45  
  164  17:38  Roach x30  
  164  18:01  Ravager x6  
  164  18:02  Ravager x7  
  123  19:20  Roach  
  123  19:21  Roach x16  
  123  19:22  Roach x4  
  153  19:31  Drone x6  
  157  20:07  Hatchery  
  156  20:29  Hive  
  156  20:38  Overlord  
  156  20:39  Overlord x3  
  152  20:59  Ravager  
  152  21:00  Ravager x6  
  156  21:34  Overlord x2  
  156  21:43  Roach x8  
  156  21:44  Roach x14  
  200  21:49  Zerg Missile Weapons Level 3  
  200  21:50  Zerg Ground Armor Level 3  
  200  21:58  Ultralisk Cavern  
  199  22:02  Infestor, Evolution Chamber  
  199  22:07  Greater Spire  
  198  22:27  Hatchery  
  171  23:45  Zerg Melee Weapons Level 1  
  171  23:46  Chitinous Plating  
  171  23:49  Ultralisk  
  171  23:50  Ultralisk x3  
  195  23:57  Queen  
  197  24:16  Roach x24  
  177  25:19  Roach  
  179  25:21  Ultralisk  
  179  25:22  Ultralisk x2  
  197  25:37  Spore Crawler  
  197  25:38  Drone x3  
  199  26:04  Zerg Melee Weapons Level 2  
  154  28:25  Zerg Melee Weapons Level 3  
  154  28:31  Roach x36  
  154  28:53  Ultralisk x6  
  154  28:54  Ultralisk  
  154  29:42  Ravager  
  154  29:43  Ravager x3  
  154  29:57  Hatchery  
  154  30:07  Hatchery  
  154  30:23  Hatchery  
  154  30:49  Hatchery  
  154  30:58  Queen  
  154  31:58  Ravager  
  154  31:59  Ravager x7  
  154  32:20  Ravager  
  154  32:21  Ravager x5  
  154  32:32  Ravager  
  154  32:33  Ravager x5  
  154  32:52  Extractor  
  154  32:53  Extractor  
  154  32:58  Ravager  
  154  32:59  Ravager x11  
  154  37:48  Ravager  
  154  38:02  Queen  
Show
View Real Time Build Order
Export as new Build Order

Ugie Terran 

Build Orders: MMM Bio 

Get SALT Encoding   

  12  0:01  SCV  
  13  0:14  SCV  
  14  0:22  Supply Depot  
  14  0:26  SCV  
  15  0:32  Refinery  
  15  0:44  SCV  
  15  0:47  Barracks  
  16  0:56  SCV  
  17  0:58  Supply Depot  
  17  1:08  SCV  
  18  1:20  SCV  
  19  1:32  SCV  
  20  1:35  Marine  
  21  1:52  Command Center  
  21  1:56  Refinery  
  21  1:57  SCV  
  21  1:58  Marine  
  23  2:09  Orbital Command  
  23  2:22  Barracks  
  23  2:37  Barracks  
  23  2:50  Barracks Reactor  
  23  2:53  SCV  
  24  3:05  SCV  
  25  3:08  SCV  
  26  3:14  Supply Depot  
  26  3:20  Barracks Reactor  
  26  3:26  Barracks Reactor  
  26  3:31  Barracks  
  26  3:37  Orbital Command  
  26  3:38  SCV  
  27  3:50  SCV  
  28  3:59  Engineering Bay  
  28  4:05  Factory  
  28  4:10  Marine x5  
  28  4:11  Marine  
  28  4:12  Supply Depot  
  28  4:13  SCV  
  28  4:15  SCV  
  36  4:36  Missile Turret  
  36  4:43  SCV  
  37  4:46  SCV  
  37  4:51  Barracks Tech Lab  
  38  5:00  Starport, Factory Tech Lab  
  38  5:01  Missile Turret  
  38  5:04  Marine x2  
  38  5:06  Marine  
  41  5:08  Marine x2  
  41  5:11  Marine  
  44  5:15  Stimpack  
  44  5:19  Terran Infantry Weapons Level 1  
  44  5:21  SCV  
  44  5:23  SCV  
  44  5:28  Widow Mine  
  46  5:32  Missile Turret  
  46  5:33  SCV  
  46  5:35  SCV  
  50  5:39  Viking  
  52  5:45  SCV  
  52  5:47  SCV  
  54  5:54  Missile Turret  
  54  5:55  Refinery  
  54  6:02  Refinery  
  54  6:10  Marine  
  54  6:11  Marine x4  
  57  6:12  Marine x2  
  57  6:16  Starport Reactor  
  61  6:41  Command Center  
  61  6:44  Missile Turret  
  61  6:46  SCV  
  62  6:55  Supply Depot  
  62  7:07  Missile Turret  
  62  7:14  Widow Mine  
  62  7:16  Marine x4, Combat Shields  
  62  7:17  Medivac x2  
  62  7:19  Supply Depot  
  70  7:22  Hi-Sec Auto Tracking  
  70  7:41  Marine x7, SCV, Supply Depot  
  78  7:52  Widow Mine, Supply Depot  
  78  7:53  Medivac x2  
  84  7:58  Marine x7  
  91  8:06  Supply Depot  
  91  8:21  Siege Tank  
  91  8:23  Marine x5  
  99  8:27  Marine x2  
  101  8:34  Command Center  
  101  8:40  Marine  
  101  8:41  Marine  
  103  8:43  Marine x3  
  103  8:45  Marine x2  
  108  8:49  Planetary Fortress  
  108  8:56  Terran Infantry Armor Level 1  
  108  8:58  Marine  
  109  9:22  SCV x2  
  111  9:24  Missile Turret  
  111  9:34  SCV  
  112  9:45  Missile Turret  
  107  10:07  Missile Turret  
  81  10:16  Orbital Command  
  74  10:28  Missile Turret  
  64  10:43  Marine  
  64  10:44  Marine x6  
  64  10:49  Medivac x2  
  69  11:01  Marine x2  
  69  11:02  Marine x5  
  76  11:07  Starport  
  76  11:14  Armory  
  76  11:19  Marine x3  
  76  11:20  Marine x4  
  83  11:31  Medivac x2  
  87  11:37  Marine  
  88  11:40  Marine x3  
  88  11:41  Marine x3  
  94  11:58  Starport Reactor  
  94  12:00  Marine x6  
  94  12:01  Marine, Viking x2  
  105  12:04  Command Center  
  105  12:16  Widow Mine  
  107  12:28  SCV x3  
  110  12:35  Missile Turret  
  110  12:39  Sensor Tower  
  110  12:40  SCV x3  
  110  12:42  Marine x6  
  119  12:44  Widow Mine  
  121  12:52  SCV x3  
  121  12:53  Medivac x3  
  121  12:55  Marine  
  121  12:56  Missile Turret  
  131  12:59  Marine  
  132  13:14  Sensor Tower  
  132  13:15  Widow Mine, Supply Depot, SCV x3  
  132  13:18  Missile Turret  
  137  13:28  SCV x3  
  140  13:38  Sensor Tower, Marine x6  
  140  13:39  Refinery, Marine, Supply Depot  
  147  13:55  Marine  
  147  14:02  Supply Depot  
  148  14:03  Sensor Tower  
  148  14:31  Terran Infantry Weapons Level 2  
  148  14:34  Thor  
  148  14:44  Liberator x3  
  148  14:45  Liberator  
  115  15:17  Thor  
  100  15:45  SCV  
  101  15:57  SCV  
  101  16:01  Liberator x3  
  101  16:02  Command Center, Liberator  
  101  16:03  Marine  
  101  16:04  Marine x6  
  104  16:09  SCV  
  110  16:21  Marine x4, SCV  
  110  16:22  Marine x3  
  127  16:33  SCV  
  127  16:39  Marine x7  
  120  16:46  Terran Infantry Armor Level 2  
  123  16:52  Command Center  
  123  16:57  Marine x7  
  109  17:14  Marine  
  109  17:15  Marine x6  
  92  17:32  Marine  
  92  17:33  Marine x6  
  92  17:36  Liberator x4  
  92  17:50  Marine x2  
  92  17:51  Marine x5  
  111  18:08  Marine x7  
  115  18:19  Liberator  
  94  18:26  Marine x7  
  93  18:43  Marine  
  93  18:44  Marine x6  
  96  19:00  SCV  
  96  19:01  Marine  
  96  19:02  Marine x6  
  101  19:03  Medivac x2  
  101  19:04  Medivac  
  101  19:05  Widow Mine  
  104  19:12  SCV  
  99  19:19  Marine x2  
  99  19:20  Marine x5  
  100  19:24  SCV  
  85  19:34  Widow Mine  
  85  19:36  SCV  
  85  19:38  Marine  
  80  19:48  SCV  
  81  19:55  Command Center  
  81  20:00  Command Center, SCV  
  81  20:02  Widow Mine  
  84  20:07  Marine  
  84  20:08  Marine x6  
  84  20:12  SCV  
  92  20:24  Orbital Command  
  92  20:25  Marine x5, SCV  
  92  20:26  Marine  
  99  20:57  Marine x6  
  99  20:58  Marine  
  106  21:10  Command Center  
  106  21:14  Marine  
  106  21:15  Marine  
  106  21:18  Marine x5  
  110  21:32  Marine  
  111  21:41  Marine  
  111  21:42  Marine x5  
  117  21:49  SCV  
  117  21:50  Marine  
  119  21:59  Marine  
  119  22:00  Marine  
  119  22:01  SCV  
  122  22:06  Marine  
  122  22:07  Marine x3  
  122  22:08  Marine  
  127  22:13  SCV  
  128  22:16  SCV  
  128  22:17  Marine x2  
  131  22:25  SCV  
  131  22:27  Refinery  
  132  22:30  Refinery  
  92  23:05  Marine x5  
  87  23:06  Marine x2  
  93  23:23  Marine x7  
  100  23:34  Liberator x4  
  97  23:41  Marine x7  
  116  23:58  Marine  
  116  23:59  Marine x6  
  123  24:03  Thor  
  123  24:06  SCV  
  130  24:16  Marine  
  130  24:17  Marine x6  
  131  24:18  SCV  
  138  24:30  SCV  
  139  24:34  Marine x3  
  139  24:35  Marine  
  143  24:39  Liberator  
  143  24:40  Liberator x3  
  123  24:53  Marauder  
  124  25:22  Liberator x2  
  124  25:23  Liberator  
  124  25:41  Refinery  
  133  25:43  Refinery  
  133  25:46  Marine  
  133  25:47  Marine x6  
  140  25:56  Refinery  
  140  25:59  Refinery  
  140  26:04  Marine  
  140  26:05  Marine x6  
  140  26:06  SCV  
  140  26:09  SCV  
  149  26:18  SCV  
  149  26:21  SCV  
  149  26:22  Marine x7  
  158  26:30  SCV  
  155  26:33  SCV  
  137  26:40  Marine x7  
  137  26:42  SCV  
  137  26:46  SCV  
  118  26:54  SCV  
  118  26:58  Marine, SCV  
Tags
 
Add a new tag
Caveats
  • Supply blocks, unpowered buildings, or Contaminate may cause inaccurate times.
  • Supply counts are checked every 10 seconds.